 Dungeon Crawl Stone Soup version 0.30-a0-358-g0d69a1922f (webtiles) character file.

Game seed: 8264273001432736137

108 flotson the Sneak (level 4, -3/35 HPs)
             Began as a Demonspawn Delver on Nov 10, 2022.
             Slain by a gnoll
             ... wielding a +0 flail
              (10 damage)
             ... on level 5 of the Dungeon.
             The game lasted 00:04:24 (1911 turns).

flotson the Sneak (Demonspawn Delver)               Turns: 1911, Time: 00:04:24

Health: -3/35      AC: 12    Str: 15    XL:     4   Next: 58%
Magic:  4/4        EV: 10    Int: 11    God:
Gold:   133        SH:  0    Dex: 14    Spells: 3/3 levels left

rFire   . . .      SeeInvis .    b - +0 trident
rCold   . . .      Faith    .    (no shield)
rNeg    . . .      Spirit   .    p - +0 scale mail
rPois   .          Reflect  .    (no helmet)
rElec   .          Harm     .    o - scarf {repulsion}
rCorr   .          Rampage  .    (no gloves)
Will    .....                    (no boots)
Stlth   +.........               (no amulet)
HPRegen 0.25/turn                (no ring)
MPRegen 0.09/turn                (no ring)

@: sanguine armoured, repel missiles
A: sanguine armour 1
a: no special abilities


You were on level 5 of the Dungeon.
You visited 1 branch of the dungeon, and saw 5 of its levels.

You collected 133 gold pieces.

Inventory:

Hand Weapons
 a - a +0 war axe
 b - a +0 trident (weapon)
Missiles
 j - 7 poisoned darts (quivered)
 k - 3 boomerangs
Armour
 o - a scarf of repulsion (worn)
 p - a +0 scale mail (worn)
Wands
 g - a wand of digging (3)
Scrolls
 c - a scroll of fog
 d - 3 scrolls of magic mapping
 i - a scroll of teleportation {unknown}
 l - a scroll of butterflies {unknown}
 m - 2 scrolls of enchant weapon {unknown}
 n - 2 scrolls of noise {unknown}
Potions
 f - 2 potions of haste
 h - a potion of degeneration {unknown}
 q - a potion of might {unknown}


   Skills:
 + Level 3.5 Fighting
 - Level 1.7 Axes
 + Level 1.4 Throwing
 + Level 1.4 Armour
 + Level 2.5 Dodging
 - Level 4.5 Stealth
 + Level 1.6 Evocations


You had 3 spell levels left.
You didn't know any spells.
Your spell library was empty.

Dungeon Overview and Level Annotations

Branches:
Dungeon (5/15)
 Temple: D:4-7

Altars:
Gozag
Okawaru
Wu Jian


Innate Abilities, Weirdness & Mutations

When seriously injured, your blood forms armour. (AC +6)


Message History

The gnoll hits you with a +0 flail!
You hit the gnoll.
The gnoll is almost dead.
The gnoll hits you with a +0 flail!
Your blood congeals into armour.
The gnoll barely misses you.
You hit the gnoll but do no damage.
The gnoll is almost dead.
The gnoll hits you but does no damage. x2
You closely miss the gnoll.
The gnoll is almost dead.
The gnoll closely misses you. The gnoll barely misses you.
You puncture the gnoll!
You kill the gnoll!
The gnoll hits you but does no damage. The gnoll barely misses you.
You reach to attack!
You hit the gnoll but do no damage.
The gnoll is almost dead.
The gnoll barely misses you.
You reach to attack!
You hit the gnoll.
You kill the gnoll!
You reach to attack!
You hit the gnoll.
The gnoll is moderately wounded.
The gnoll hits you with a +0 flail!
You are too injured to fight recklessly!
You are too injured to fight recklessly!
You are too injured to fight recklessly!
You are too injured to fight recklessly!
You are too injured to fight recklessly!
You are too injured to fight recklessly!
You are too injured to fight recklessly!
The gnoll hits you with a +0 flail!
* * * LOW HITPOINT WARNING * * *
You climb downwards.
There is a stone staircase leading up here.
You barely miss the gnoll.
The gnoll is moderately wounded.
The gnoll hits you but does no damage.
You hit the gnoll.
The gnoll is moderately wounded.
The gnoll hits you with a +0 flail!
You die...

### #.. # #J#
#.#.# ...
#.#.####### ...
#.......... ..
###.###########.#
#.# #@g.†....# #.#
#..####..#########
#.#
#..####..#.......#
#.#
#........#.#####.#
#.# #..####.##.#
#.# #.#####.#
#....# #..
#.......# ######
#.# ######### #.#
#.#


You could see a gnoll.

Vanquished Creatures
  A jelly (D:4)
  2 gnolls (D:4)
  2 adders
  A white imp (D:4)
  An orc (D:3)
  3 bats
  3 endoplasms
  2 giant cockroaches (D:1)
  5 goblins
  4 hobgoblins
  3 kobolds
  A quokka (D:4)
  4 frilled lizards (D:1)
32 creatures vanquished.

Notes
Turn   | Place    | Note
-------+----------+-------------------------------------------
     0 | D:5      | flotson the Demonspawn Delver began the quest for the Orb.
     0 | D:5      | Reached XP level 1. HP: 18/18 MP: 1/1
    24 | D:5      | Noticed a scorpion
    29 | D:5      | Found an opulent altar of Gozag.
    32 | D:5      | Noticed a black bear
    53 | D:5      | Found an ornate altar of the Wu Jian Council.
   124 | D:3      | Found an iron altar of Okawaru.
   127 | D:3      | Found a faded altar of an unknown god.
   253 | D:4      | Gained mutation: When seriously injured, your blood forms
                  | armour. (AC +6) [demonic ancestry]
   253 | D:4      | Reached XP level 2. HP: 17/24 MP: 2/2
   607 | D:2      | Reached skill level 1 in Evocations
   857 | D:3      | Reached XP level 3. HP: 28/29 MP: 3/3
  1300 | D:1      | Reached skill level 1 in Armour
  1346 | D:1      | Reached skill level 1 in Throwing
  1573 | D:4      | Reached XP level 4. HP: 29/35 MP: 4/4
  1713 | D:5      | HP: 1/35 [adder (3)]
  1911 | D:5      | Slain by a gnoll

Illustrated notes

Levels and vault maps discovered:
D:1:      arrival_zaba_pyramid, layout_basic
D:2:      layout_loops_corners
D:3:      layout_rooms, nicolae_overflow_ecumenical_swirl,
          minmay_misc_feat_tiny, kennysheep_jessica_study, uniq_grinder
D:4:      layout_loops_ring, mainiacjoe_overflow_alcove_1,
          chequers_serial_rivers_room_a
D:5:      layout_basic, nicolae_hepliaklqana_hippocampus, zin_academy,
          nzn_wu_jian_contemplation, mainiacjoe_overflow_paths, grunt_decor_cap

Skill      XL: |  1  2  3 |
---------------+----------+-----
Dodging        | 2 |  2.5
Evocations     | 1 |  1.6
Armour         | 1 |  1.4
Throwing       | 1 |  1.4
Fighting       | |  3.5
Axes           | |  1.7
Stealth        | |  4.5

Action                   |  1- 3 |  4- 6 || total
-------------------------+-------+-------++-------
Melee: War axe           |    11 |       ||    11
       Hand axe          |     1 |       ||     1
       Trident           |   111 |    23 ||   134
  Use: Scroll            |       |     1 ||     1
 Stab: Sleeping          |     5 |       ||     5
Armor: Leather armour    |    23 |       ||    23
       Scale mail        |    41 |     6 ||    47
Dodge: Dodged            |    84 |    12 ||    96

Table legend: (Time is in decaauts)
 A = Elapsed time spent in this place.
 B = Non-inter-level travel time spent in this place.
 C = Inter-level travel time spent in this place.
 D = Time resting spent in this place.
 E = Time spent auto-exploring this place.
 F = Levels seen in this place.
 G = Mean time per level.
                   A        B        C        D        E       F      G
               +--------+--------+--------+--------+--------+-----+--------+
         Total |   1952 |   1354 |    598 |      0 |    799 |   5 |  390.4 |
       Dungeon |   1952 |   1354 |    598 |      0 |    799 |   5 |  390.4 |
               +--------+--------+--------+--------+--------+-----+--------+

Top non-repeatable levels by time:
     D:4: 674 daAuts
     D:1: 553 daAuts
     D:5: 500 daAuts
     D:3: 161 daAuts
     D:2: 62 daAuts
